 Dungeon Crawl Stone Soup version 0.18-a0-1203-gbde16db (webtiles) character file.

2163 RedPan the Archer (level 9, -1/72 HPs)
             Began as a Centaur Hunter on Feb 1, 2016.
             Was a Follower of Okawaru.
             Slain by a gnoll
             ... wielding a +0 halberd
              (8 damage)
             ... on level 7 of the Dungeon.
             The game lasted 00:19:28 (8131 turns).

RedPan the Archer (Centaur Hunter)                  Turns: 8131, Time: 00:19:28

Health: -1/72      AC: 11    Str: 14    XL:     9   Next: 10%
Magic:  9/9        EV:  3    Int: 10    God:    Okawaru [*.....]
Gold:   312        SH:  0    Dex: 14    Spells: 0 memorised, 8 levels left

rFire  . . .     SeeInvis .     n - +3 short sword (venom)
rCold  . . .     Gourm    .     s - +0 chain mail
rNeg   . . .     Faith    .     (no shield)
rPois  .         Spirit   .     y - +0 helmet
rElec  .         Dismiss  .     i - +0 cloak
rCorr  .         Reflect  .     k - +1 pair of gloves
SustAt .         Harm     .     (no barding)
MR     .....                    (no amulet)
Stlth  ..........               (no ring)
                                (no ring)

@: heavily drained, very quick, not resistant to hostile enchantments, extremely
unstealthy
A: hooves 3, deformed body, speed 2, tough skin 3
a: Heroism, Renounce Religion


You were on level 7 of the Dungeon.
You worshipped Okawaru.
Okawaru was aware of your devotion.
You were not hungry.

You visited 2 branches of the dungeon, and saw 8 of its levels.

You collected 312 gold pieces.

Inventory:

Hand Weapons
 n - a +3 short sword of venom (weapon)
 D - the +6 dagger "Jellyslayer" {distort, rPois MR++ MP+9 Dex-4}
   (You found it on level 6 of the Dungeon)

   It warps and distorts space around it.
   Unwielding it can cause banishment or high damage.
   It affects your dexterity (-4).
   It protects you from poison.
   It affects your resistance to hostile enchantments.
   It affects your magic capacity (+9).
 F - a +0 longbow
Missiles
 d - 65 arrows
Armour
 i - a +0 cloak (worn)
 k - a +1 pair of gloves (worn)
 s - a +0 chain mail (worn)
 x - a +1 robe of the Archmagi
 y - a +0 helmet (worn)
Wands
 b - a wand of confusion (12/48)
 o - a wand of lightning (5/15)
 u - a wand of lightning (2/15)
 B - a wand of paralysis (17/24)
Scrolls
 e - a scroll of fog {unknown}
 g - 3 scrolls of identify
 j - 5 scrolls of remove curse
 q - 4 scrolls of teleportation
 r - 2 scrolls of enchant weapon
 w - 2 scrolls of recharging {unknown}
 C - a scroll of amnesia {unknown}
 E - a scroll of blinking {unknown}
Potions
 c - a potion of cancellation
 h - 2 potions of agility
 l - 3 potions of curing
 t - a potion of lignification
 v - a potion of poison {unknown}
 A - a potion of cure mutation
Comestibles
 f - 3 bread rations
 p - 5 meat rations
 z - a royal jelly


   Skills:
 + Level 4.7(2.6) Fighting
 - Level 8.2(5.9) Short Blades
 + Level 10.0(7.6) Bows
 - Level 1.3(0.0) Dodging
 - Level 0.5(0.0) Stealth


You had 8 spell levels left.
You didn't know any spells.

Dungeon Overview and Level Annotations

Branches:
Dungeon (7/15)             Temple (1/1) D:6

Altars:
Ashenzari
Cheibriados
Dithmenos
Elyvilon
Fedhas
Gozag
Kikubaaqudgha
Makhleb
Nemelex Xobeh
Okawaru
Sif Muna
Trog
Vehumet
Xom
Yredelemnul
Zin
The Shining One

Shops:
D:4 (   D:6 *

Annotations:
D:6 Herrn's ghost, novice NaEn


Innate Abilities, Weirdness & Mutations

You have hooves in place of feet.
Armour fits poorly on your strangely shaped body.
You cover ground very quickly.
You have extremely tough skin (AC +3).


Message History

The gnoll zaps a wand.
The bolt of negative energy hits you!
You feel drained.
It is a wand of draining.
An orc comes into view. It is wielding a hand axe.
The gnoll zaps a wand.
The bolt of negative energy hits you!
You feel drained.
The gnoll zaps a wand.
The bolt of negative energy hits you!
You feel drained.
You barely miss the gnoll. You kick the gnoll, but do no damage.
The gnoll zaps a wand.
The bolt of negative energy hits you!
You feel drained.
* * * LOW HITPOINT WARNING * * *
You are too injured to fight recklessly!
You are too injured to fight recklessly!
You closely miss the gnoll.
The gnoll zaps a wand.
The bolt of negative energy misses you.
Your chain mail prevents you from hitting the gnoll.
You hit the gnoll. You kick the gnoll.
The gnoll is heavily wounded.
The gnoll barely misses you.
You hit the gnoll. Your kick misses the gnoll.
The gnoll is severely wounded.
The gnoll hits you with a halberd!
You die...

#.#.##....#####.#
#......#.# #.#
##############.#####.#
#........####........#
#...#.)....###.#######
#...##.....###.# +Z..
#......##.# #...
###.......#########
#... ######..@........
#... ##g######### #...
#.# #.# #.# ... .## #.
#o


You could see a gnoll.

Vanquished Creatures
  A deep elf mage (D:7)
  Sigmund (D:4)
  Duvessa (D:4)
  4 ice beasts
  3 ogres
  A phantom (D:4)
  A centaur (D:6)
  A giant frog (D:7)
  A wyvern skeleton (D:6)
  Dowan (D:4)
  A centaur zombie (D:6)
  A crimson imp (D:6)
  An orc priest (D:6)
  A jelly (D:6)
  6 hounds
  2 orc wizards
  2 worker ants
  2 gnolls (D:7)
  5 adders
  2 adder skeletons
  A giant gecko (D:1)
  5 orcs
  A ball python (D:1)
  12 bats
  4 giant cockroaches
  2 goblins
  7 hobgoblins
  4 jackals
  16 kobolds
  7 quokkas
  A giant cockroach zombie (D:5)
  6 giant newts
  A quokka zombie (D:4)
  7 rats
112 creatures vanquished.

Notes
Turn   | Place    | Note
--------------------------------------------------------------
     0 | D:1      | RedPan the Centaur Hunter began the quest for the Orb.
     0 | D:1      | Reached XP level 1. HP: 17/17 MP: 1/1
     5 | D:1      | Noticed a merfolk zombie
    12 | D:1      | Noticed a minotaur zombie
   236 | D:1      | Reached XP level 2. HP: 18/24 MP: 2/2
   465 | D:1      | Reached skill level 1 in Short Blades
   940 | D:1      | Reached skill level 6 in Bows
  1482 | D:2      | Reached XP level 3. HP: 25/29 MP: 3/3
  2097 | D:2      | Reached XP level 4. HP: 34/36 MP: 4/4
  2545 | D:3      | Noticed an ice beast
  2568 | D:3      | Killed an ice beast
  2568 | D:3      | Reached skill level 7 in Bows
  2568 | D:3      | Reached XP level 5. HP: 23/41 MP: 5/5
  3199 | D:4      | Noticed a phantom
  3234 | D:4      | Noticed Duvessa
  3234 | D:4      | Noticed Dowan
  3288 | D:4      | Noticed an ogre
  3298 | D:4      | Killed an ogre
  3498 | D:4      | Found a blossoming altar of Fedhas.
  3504 | D:4      | Noticed an ogre
  3524 | D:4      | Killed an ogre
  3524 | D:4      | Reached skill level 8 in Bows
  3524 | D:4      | Reached XP level 6. HP: 40/48 MP: 6/6
  3576 | D:4      | Found a bloodstained altar of Trog.
  3591 | D:4      | Found a burning altar of Makhleb.
  3597 | D:4      | Found a white marble altar of Elyvilon.
  3955 | D:4      | Found Hutreagu's Antique Weapon Boutique.
  4247 | D:4      | Killed Dowan
  4247 | D:4      | Reached skill level 5 in Short Blades
  4247 | D:4      | Reached XP level 7. HP: 53/55 MP: 7/7
  4320 | D:4      | Killed Duvessa
  4578 | D:4      | Noticed Sigmund
  4655 | D:4      | Killed Sigmund
  4706 | D:4      | Found an iron altar of Okawaru.
  4713 | D:4      | Became a worshipper of Warmaster Okawaru
  4924 | D:4      | Found a sparkling altar of Nemelex Xobeh.
  4924 | D:4      | Found a glowing golden altar of the Shining One.
  5164 | D:5      | Entered Level 5 of the Dungeon
  5884 | D:6      | Noticed Herrn's ghost (novice NaEn)
  6062 | D:6      | Reached XP level 8. HP: 56/61 MP: 8/8
  6102 | D:6      | Found Zin's Purification Station.
  6113 | D:6      | Found a glowing silver altar of Zin.
  6416 | D:6      | Found a staircase to the Ecumenical Temple.
  6447 | D:6      | Found a basalt altar of Yredelemnul.
  6859 | Temple   | Entered the Ecumenical Temple
  7230 | D:6      | Got an ichor-stained dagger
  7231 | D:6      | Identified the +6 dagger "Jellyslayer" {distort, rPois MR++ MP+9 Dex-4} (You found it on level 6 of the Dungeon)
  7731 | D:6      | Reached * piety under Okawaru
  7731 | D:6      | Reached skill level 9 in Bows
  7846 | D:7      | Noticed a deep elf mage
  7858 | D:7      | Killed a deep elf mage
  7858 | D:7      | Reached XP level 9. HP: 53/72 MP: 9/9
  7968 | D:7      | Reached skill level 10 in Bows
  8131 | D:7      | Slain by a gnoll

Vault maps used:
D:1:      shiori_arrival_whats_in_store_for_you
D:2:      first_bread
D:4:      lemuel_round_altar, overflow_temple_1_default,
          amethyst_overflow_temple_binary, grunt_temple_overflow_open,
          serial_shops, shop, uniq_duvessa, uniq_sigmund
D:6:      yredelemnul_altar_generic, zin_purify,
          minmay_temple_entry_glassed_door, minmay_misc_feat_roman, st_stairs_3
D:7:      minmay_opposing_rooms, lemuel_crystal_altar, grunt_livestock
Temple:   nicolae_temple_no_exploring_needed

Action                   |  1- 3 |  4- 6 |  7- 9 || total
-------------------------+-------+-------+-------++-------
Melee: Short sword       |   169 |   102 |   194 ||   465
 Fire: Shortbow          |     4 |    38 |    49 ||    91
       Longbow           |       |       |    12 ||    12
  Use: Potion            |       |     4 |     4 ||     8
       Scroll            |       |     2 |     5 ||     7
  Eat: Chunk             |     3 |     5 |     3 ||    11
       Bread ration      |       |       |     2 ||     2
